 Dungeon Crawl Stone Soup version 0.31-a0-271-gb88eb75e06 (webtiles) character file.

Game seed: 498227812060132242

3457 Newt the Trooper (level 9, -1/69 HPs)
             Began as a Demonspawn Gladiator on July 14, 2023.
             Was a Believer of Makhleb.
             Slain by a human
             ... wielding a +1 heavy hand axe
              (9 damage)
             ... in a bailey.
             The game lasted 00:12:45 (8367 turns).

Newt the Trooper (Demonspawn Gladiator)             Turns: 8367, Time: 00:12:45

Health: -1/69      AC:  7    Str: 20    XL:     9   Next: 78%
Magic:  14/15      EV: 15    Int:  9    God:    Makhleb [**....]
Gold:   334        SH:  0    Dex: 14    Spells: 14/16 levels left

rFire   . . .        g - +5 woodcutter's axe
rCold   . . .        (shield currently unavailable)
rNeg    . . .        b - +0 leather armour
rPois   .            f - +1 helmet
rElec   .            (no cloak)
rCorr   .            (no gloves)
SInv    .            l - +0 pair of boots
Will    .....        (no amulet)
Stlth   ++           y - ring of wizardry
HPRegen 0.31/turn    (no ring)
MPRegen 0.14/turn

%: wizardry (x1)
@: no status effects
A: repulsion field 1, weakness stinger 1
a: Renounce Religion, Minor Destruction


You were in a bailey.
You worshipped Makhleb.
Makhleb was pleased with you.
You visited 2 branches of the dungeon, and saw 10 of its levels.
You also visited: Bailey.

You collected 334 gold pieces.

Inventory:

Hand Weapons
 a - a +0 rapier
 g - the +5 woodcutter's axe (weapon)
   (You took it off a gnoll bouda on level 6 of the Dungeon)
 h - a +3 vampiric dagger
Missiles
 n - 3 poisoned darts
 o - a javelin
 r - 8 boomerangs
Armour
 b - a +0 leather armour (worn)
 c - a +0 helmet
 f - a +1 helmet (worn)
 l - a +0 pair of boots (worn)
 x - a +0 kite shield
Jewellery
 t - a ring of ice
 y - a ring of wizardry (left hand)
Wands
 e - a wand of polymorph (9)
 i - a wand of flame (34)
Scrolls
 u - a scroll of teleportation
 w - a scroll of amnesia
Potions
 j - a potion of cancellation
 k - a potion of degeneration
 m - a potion of enlightenment
 p - a potion of mutation {unknown}
 s - a potion of attraction
 z - 2 potions of might
 B - a potion of lignification {unknown}


   Skills:
 - Level 6.0 Fighting
 - Level 3.1 Short Blades
 - Level 6.0 Axes
 - Level 1.7 Throwing
 + Level 4.8 Armour
 - Level 4.0 Dodging
 - Level 2.0 Stealth
 - Level 0.8 Shields
 - Level 4.0 Spellcasting
 - Level 5.1 Summonings
 - Level 4.0 Evocations


You had 14 spell levels left.
You knew the following spells:

 Your Spells              Type           Power      Damage    Failure   Level
a - Call Imp              Summ           22%        N/A       2%          2

Your spell library contained the following spells:

 Spells                   Type           Power      Damage    Failure   Level
 Magic Dart               Conj           4%         1d3       12%         1
 Dazzling Flash           Conj/Hex       2%         N/A       34%         3
 Mephitic Cloud           Conj/Pois/Air  1%         N/A       34%         3
 Volatile Blastmotes      Fire/Tloc      2%         2d10      34%         3
 Anguish                  Hex/Necr       0%         N/A       73%         4
 Cause Fear               Hex            0%         N/A       73%         4
 Starburst                Conj/Fire      0%         6d3       100%        6
 Enfeeble                 Hex            0%         N/A       100%        7
 Maxwell's Capacitive Co  Air            0%         ∞         100%        8


Dungeon Overview and Level Annotations

Branches:
Dungeon (9/15)             Temple (1/1) D:4            Lair (0/5) D:8
 Bailey (1/1)
    Orc: D:9-12

Altars:
Ashenzari
Cheibriados
Dithmenos
Fedhas
Gozag
Hepliaklqana
Kikubaaqudgha
Makhleb
Nemelex Xobeh
Okawaru
Qazlal
Ru
Sif Muna
Trog
Uskayaw
Vehumet
Wu Jian
Xom
Yredelemnul


Innate Abilities, Weirdness & Mutations

You are surrounded by a mild repulsion field. (EV +2)
You have a small tail.


Message History

Okay, then.
You feel better.
Your cerulean imp hits the human but does no damage.
The human hits you with a +2 heavy hand axe.
The human hits your cerulean imp with a +2 heavy hand axe.
Unknown command.
You closely miss the human.
You tail-slap the human, but do no damage.
The human is lightly wounded.
Your cerulean imp misses the human.
You slice the human!!
The human is heavily wounded.
The human hits your cerulean imp with a +2 heavy hand axe!
Your cerulean imp dies!
Your cerulean imp disappears in a puff of smoke!
The human barely misses you.
You hit the human.
The human is severely wounded.
You closely miss the human. You tail-slap the human.
The human is severely wounded.
The human hits you with a +2 heavy hand axe!
* * * LOW HITPOINT WARNING * * *
Unknown command.
You slash the human!
You kill the human!
Makhleb accepts your kill.
You closely miss the human. The human barely misses you.
Unknown command.
You slash the human!
The human is heavily wounded.
Unknown command.
You closely miss the human.
The human is heavily wounded.
The human hits you with a +1 heavy hand axe.
* * * LOW HITPOINT WARNING * * *
Unknown command.
You slash the human!
The human is almost dead.
The human hits you with a +1 heavy hand axe!
You die...

#### #..+
#..## #..(#
#...# ##..)#
#....#
#......#p#+#
##....##@).##
######.....#
#.∩.∩.#
#.....#
##...## #####


You could see a human.

Vanquished Creatures
  Pikel (D:7)
  A hornet (D:7)
  A wraith (D:7)
  3 humans (Bailey)
  A black bear (D:4)
  3 centaurs
  3 lemures (D:7)
  4 phantoms
  3 bullfrogs
  3 gnoll sergeants (D:6)
  A scorpion (D:7)
  A hound (D:4)
  4 orc priests
  4 iguanas
  2 gnoll boudas
  Ijyb (D:4)
  6 orc wizards
  Robin (D:4)
  6 adders
  7 gnolls
  A shadow imp (D:6)
  2 white imps
  An ufetubus (D:7)
  2 worms
  2 dart slugs (D:2)
  18 orcs
  9 ball pythons
  5 endoplasms
  4 giant cockroaches
  12 goblins
  5 hobgoblins (D:4)
  6 jackals
  6 kobolds
  3 quokkas
  4 bats
  2 frilled lizards
  3 rats
141 creatures vanquished.

Vanquished Creatures (collateral kills)
  A black bear (D:5)
  2 ogres (D:6)
  A gnoll sergeant (D:7)
  A gnoll bouda (D:6)
  An iguana (D:6)
  An orc wizard (D:4)
  A gnoll (D:6)
  An ufetubus (D:5)
  6 orcs
15 creatures vanquished.

Grand Total: 156 creatures vanquished

Notes
Turn   | Place    | Note
-------+----------+-------------------------------------------
     0 | D:1      | Newt the Demonspawn Gladiator began the quest for the Orb.
     0 | D:1      | Reached XP level 1. HP: 16/16 MP: 1/1
   291 | D:1      | Gained mutation: You are surrounded by a mild repulsion
                  | field. (EV +2) [demonic ancestry]
   291 | D:1      | Reached XP level 2. HP: 21/23 MP: 2/2
   303 | D:1      | Found a faded altar of an unknown god.
   703 | D:2      | Reached XP level 3. HP: 29/29 MP: 3/3
   979 | D:2      | Reached XP level 4. HP: 9/37 MP: 4/4
  1366 | D:2      | Learned a level 2 spell: Call Imp
  1588 | D:4      | Noticed Robin
  1589 | D:4      | Noticed Ijyb
  1627 | D:4      | Killed Ijyb
  1628 | D:4      | Reached skill level 1 in Summonings
  1628 | D:4      | Reached XP level 5. HP: 30/42 MP: 5/5
  1641 | D:4      | Killed Robin
  1833 | D:4      | Noticed a phantom
  1852 | D:4      | Killed a phantom
  1902 | D:4      | Gained mutation: You have a small tail. [demonic ancestry]
  1902 | D:4      | Reached XP level 6. HP: 22/48 MP: 4/6
  2001 | D:4      | Reached skill level 5 in Summonings
  2240 | D:4      | Found a staircase to the Ecumenical Temple.
  2294 | Temple   | Entered the Ecumenical Temple
  2611 | Temple   | Became a worshipper of Makhleb the Destroyer
  2653 | D:4      | Reached XP level 7. HP: 48/55 MP: 4/7
  2670 | D:4      | Reached skill level 5 in Fighting
  2934 | D:4      | Found an opulent altar of Gozag.
  3149 | D:5      | Entered Level 5 of the Dungeon
  3250 | D:5      | Reached skill level 1 in Spellcasting
  4052 | D:6      | Reached XP level 8. HP: 46/64 MP: 10/13
  4548 | D:6      | Reached * piety under Makhleb
  4915 | D:6      | Reached skill level 1 in Evocations
  5565 | D:7      | Reached skill level 1 in Armour
  5916 | D:6      | HP: 2/64 [worm (9)]
  6673 | D:7      | Noticed a hornet
  6678 | D:7      | Killed a hornet
  6679 | D:7      | Reached XP level 9. HP: 37/69 MP: 12/15
  7285 | D:7      | Noticed Pikel
  7491 | D:7      | Killed Pikel
  7492 | D:7      | Reached skill level 5 in Axes
  7942 | D:8      | Found a staircase to the Lair.
  8034 | D:8      | HP: 3/69 [something/magic dart (7)]
  8163 | D:9      | Found a flagged portal.
  8173 | D:9      | Reached ** piety under Makhleb
  8185 | Bailey   | Entered a bailey
  8367 | Bailey   | Slain by a human

Illustrated notes

Levels and vault maps discovered:
D:1:      minmay_arrival_checkered_box, layout_loops_ring,
          shapermc_ecumenical_altar_starsandcircs
D:2:      layout_loops_ring
D:3:      layout_loops_ring, uniq_grinder
D:4:      layout_basic, nicolae_overflow_hidden_temple,
          minmay_temple_entry_mist, minmay_misc_feat_tiny, nicolae_goblin_pals
D:5:      layout_cave_pools
D:6:      layout_loops_ring, minivault_5, minivault_24,
          pf_guarded_unrand_woodcutter
D:7:      layout_loops_ring, nicolae_figureground_sparkle, uniq_pikel
D:8:      layout_basic, lair_entry_dummy, nicolae_ossuary_entry_monument
D:9:      layout_roguey, minmay_orc_entry_temple_small, enter_bailey_4
Temple:   roderic_octagonal_lattice_temple
Bailey:   bailey_axe_froggy_fort_hellmonk, bailey

Skill      XL: |  1  2  3  4  5  6  7  8  9 |
---------------+----------------------------+-----
Fighting       | 3 4 6 |  6.0
Stealth        | 2 |  2.0
Short Blades   | 3 |  3.1
Summonings     | 1 3 5 |  5.1
Spellcasting   | 3 4 |  4.0
Dodging        | 4 |  4.0
Evocations     | 4 |  4.0
Armour         | 2 4 |  4.8
Axes           | 2 6 |  6.0
Throwing       | |  1.7
Shields        | |  0.8

Action                     |  1- 3 |  4- 6 |  7- 9 || total
---------------------------+-------+-------+-------++-------
  Melee: Rapier            |    19 |       |       ||    19
         Dagger            |    99 |   212 |   306 ||   617
         Punch             |     2 |       |     4 ||     6
         Tailslap          |       |     8 |    63 ||    71
         Battleaxe         |       |       |   111 ||   111
  Throw: Javelin           |       |     1 |     1 ||     2
         Throwing net      |       |     1 |     5 ||     6
         Dart              |       |       |     3 ||     3
   Cast: Call Imp          |       |     5 |    21 ||    26
  Evoke: Wand              |       |       |     4 ||     4
    Use: Potion            |     4 |       |     5 ||     9
         Scroll            |     3 |     2 |    11 ||    16
   Stab: Sleeping          |     2 |     8 |     2 ||    12
         Distracted        |       |       |     1 ||     1
         Held in net/web   |       |       |     1 ||     1
 Armour: Leather armour    |    66 |   108 |   142 ||   316
         Skin              |       |    19 |       ||    19
  Dodge: Dodged            |   124 |   119 |   314 ||   557

Table legend: (Time is in decaauts)
 A = Elapsed time spent in this place.
 B = Non-inter-level travel time spent in this place.
 C = Inter-level travel time spent in this place.
 D = Time resting spent in this place.
 E = Time spent auto-exploring this place.
 F = Levels seen in this place.
 G = Mean time per level.
                   A        B        C        D        E       F      G
               +--------+--------+--------+--------+--------+-----+--------+
         Total |   8287 |   8005 |    282 |   2373 |   4115 |  11 |  753.4 |
       Dungeon |   7764 |   7522 |    242 |   2216 |   3834 |   9 |  862.7 |
        Temple |    341 |    301 |     40 |      0 |    279 |   1 |  341.0 |
        Bailey |    181 |    181 |      0 |    157 |      2 |   1 |  181.0 |
               +--------+--------+--------+--------+--------+-----+--------+

Top non-repeatable levels by time:
     D:6: 2180 daAuts
     D:7: 1700 daAuts
     D:4: 1236 daAuts
     D:5: 854 daAuts
     D:2: 815 daAuts
     D:1: 644 daAuts
  Temple: 341 daAuts
  Bailey: 181 daAuts
     D:9: 139 daAuts
     D:8: 128 daAuts
     D:3: 63 daAuts
